AoeStats
← Caribe

Hideout

508361591Analyzed
1v1 RM · 10d ago on Sep 22, 2026· 56m 24s· 2 players
Game mode
Random Map
Map size
Tiny (2 player)
Population
200
Speed
Normal
Resources
Standard
Victory
Conquest
Starting age
Dark Age
Ending age
Imperial Age
RankedLock teamsTeams togetherTeam positionsShared explorationLock speedFull tech treeHidden civsTurbo modeCheats
Victory
Defeat
🇨🇴 Saracens · Colombia
1300
+14
🇻🇪 Vietnamese · Venezuela
1262
-14
Ramzzes1788
6:34 Loom
9:03 Feudal Age
10:00 Double-Bit Axe
12:21 Fletching
18:30 Wheelbarrow
22:22 Castle Age
20:36 Horse Collar
23:28 Bloodlines
23:23 Husbandry
23:32 Scale Barding Armor
24:34 Bow Saw
26:09 Chain Barding Armor
38:04 Imperial Age
40:02 Heavy Camel Rider
41:06 Light Cavalry
43:22 Plate Barding Armor
42:57 Forging
43:21 Hussar
44:24 Conscription
45:41 Iron Casting
52:14 Blast Furnace
53:04 Chemistry
52:47 Padded Archer Armor
56:28 Leather Archer Armor
Caribe
11:20 Feudal Age
15:48 Castle Age
15:18 Double-Bit Axe
15:15 Horse Collar
16:06 Loom
19:26 Fletching
22:39 Padded Archer Armor
23:10 Heavy Plow
24:07 Bodkin Arrow
26:12 Bow Saw
27:00 Wheelbarrow
33:11 Imperial Age
32:14 Forging
32:45 Scale Barding Armor
37:06 Two-Man Saw
36:39 Crop Rotation
38:01 Chemistry
38:39 Siege Engineers
39:03 Ballistics
39:00 Gold Mining
40:23 Bloodlines
40:13 Husbandry
44:52 Hand Cart
44:23 Town Watch
45:04 Pikeman
45:44 Squires
46:21 Iron Casting
45:46 Scale Mail Armor
46:12 Fortified Wall
45:50 Halberdier
47:21 Chain Barding Armor
47:28 Leather Archer Armor
49:47 Chain Mail Armor
Connection lost

Rejoining the realm…

Still unreachable

The connection could not be restored.

Session expired

The server has moved on; the page needs a fresh start.